 Dungeon Crawl Stone Soup version 0.22-a0-305-gd21a89c538 (webtiles) character file.

381 Oravi the Changer (level 6, -2/43 HPs)
             Began as a Merfolk Transmuter on Apr 1, 2018.
             Slain by an orc wizard
             ... wielding a cursed -1 dagger
              (7 damage)
             ... on level 4 of the Dungeon.
             The game lasted 00:15:57 (4421 turns).

Oravi the Changer (Merfolk Transmuter)              Turns: 4421, Time: 00:15:58

Health: -2/43      AC:  2    Str: 10    XL:     6   Next: 75%
Magic:  6/10       EV: 22    Int: 14    God:
Gold:   150        SH:  0    Dex: 20    Spells: 5/11 levels left

rFire    . . .     SeeInvis +     - Unarmed
rCold    . . .     Gourm    .   (shield currently unavailable)
rNeg     . . .     Faith    .   (armour currently unavailable)
rPois    x         Spirit   .   (helmet currently unavailable)
rElec    .         Reflect  .   (cloak currently unavailable)
rCorr    .         Harm     .   (gloves currently unavailable)
MR       .....                  (boots currently unavailable)
Stlth    ++........             (no amulet)
HPRegen  0.14/turn              j - ring of see invisible
MPRegen  0.12/turn              (no ring)

@: spider-form, slowed, very slow
A: tiny, (change form in water), (swift swim), (stealthy swim)
a: End Transformation


You were on level 4 of the Dungeon.
You were not hungry.
You were a venomous arachnid creature.
You visited 1 branch of the dungeon, and saw 4 of its levels.

You collected 150 gold pieces.

Inventory:

Missiles
 a - 24 arrows
Armour
 b - a +0 robe (melded)
Jewellery
 j - a ring of see invisible (left front leg)
Scrolls
 c - 3 scrolls of identify {unknown}
 g - 2 scrolls of remove curse {unknown}
 h - a scroll of fog {unknown}
 i - 2 scrolls of amnesia {unknown}
 k - 4 scrolls of teleportation {unknown}
 l - a scroll of enchant armour {unknown}
 n - 2 scrolls of enchant weapon {unknown}
Potions
 e - a potion of degeneration {unknown}
 f - 4 potions of curing {unknown}
 m - 2 potions of brilliance {unknown}
Comestibles
 d - 2 rations


   Skills:
 + Level 1.5 Fighting
 + Level 3.8 Dodging
 - Level 5.0 Unarmed Combat
 + Level 3.0 Spellcasting
 * Level 5.5 Transmutations
 * Level 2.4 Poison Magic


You had 5 spell levels left.
You knew the following spells:

 Your Spells              Type           Power        Failure   Level  Hunger
a - Beastly Appendage     Tmut           ###...       9%          1    #......
b - Sticks to Snakes      Tmut           ###.....     11%         2    ##.....
c - Spider Form           Tmut/Pois      ##........   28%         3    ###....


Dungeon Overview and Level Annotations

Branches:
Dungeon (4/15)
 Temple: D:4-7

Altars:
Dithmenos
Fedhas
Hepliaklqana
Okawaru
Trog
Uskayaw


Message History

Casting: Spider Form (safe; 12% risk of failure)
Confirm with . or Enter, or press ? or * to list all spells.
You turn into a venomous arachnid creature.
Your +0 robe melds into your body.
The orc wizard barely misses you.
The orc throws an exploding tomahawk.
The exploding tomahawk completely misses you.
The exploding tomahawk explodes!
The explosion of tomahawk fragments engulfs you!
* * * LOW HITPOINT WARNING * * *
The explosion of tomahawk fragments engulfs the orc wizard.
You barely miss the orc wizard.
The orc wizard is moderately wounded.
The orc wizard completely misses you.
The orc throws an exploding tomahawk.
The exploding tomahawk completely misses you.
The exploding tomahawk explodes!
The explosion of tomahawk fragments engulfs you!
* * * LOW HITPOINT WARNING * * *
The explosion of tomahawk fragments engulfs the orc wizard.
The orc wizard hits you with a dagger!
You die...

########## ....##..## .
........# . ....... #. #+##
#.# #.##########
###.###..######s###......#....
#.........#.....o.........#
+.......)<#.....o.).......#
##.##..###.###+###..##..##
#.##..###.###..##..##..#
+..............##..##..+
#..............######..#
############...# ...# ...#
....#


You could see an orc wizard and an orc.

Vanquished Creatures
  The ghost of Oravi the Cutter, an amateur KoHu (D:3)
  An orc priest (D:3)
  2 orc wizards (D:4)
  Natasha (twice) (D:3)
  A worker ant (D:4)
  5 adders
  2 worms
  A dart slug (D:3)
  5 orcs
  A ball python (D:1)
  3 bats
  3 giant cockroaches (D:3)
  9 goblins
  5 hobgoblins
  4 jackals (D:3)
  2 quokkas
  2 frilled lizards (D:1)
  9 kobolds
  A quokka zombie (D:2)
  7 rats
66 creatures vanquished.

Notes
Turn   | Place    | Note
-------+----------+-------------------------------------------
     0 | D:1      | Oravi the Merfolk Transmuter began the quest for the Orb.
     0 | D:1      | Reached XP level 1. HP: 15/15 MP: 3/3
   385 | D:1      | Reached XP level 2. HP: 18/21 MP: 3/5
  1040 | D:1      | Learned a level 2 spell: Sticks to Snakes
  1110 | D:2      | Reached XP level 3. HP: 24/26 MP: 4/6
  1529 | D:2      | Learned a level 3 spell: Spider Form
  1584 | D:2      | Reached XP level 4. HP: 28/32 MP: 0/7
  1691 | D:2      | Found a shadowy altar of Dithmenos.
  1733 | D:2      | Found a hide-covered altar of Uskayaw.
  1877 | D:2      | Found an iron altar of Okawaru.
  1877 | D:2      | Found a blossoming altar of Fedhas.
  1878 | D:2      | Found a bloodstained altar of Trog.
  2328 | D:3      | Noticed Oravi's ghost (amateur KoHu)
  2745 | D:3      | Killed Oravi's ghost
  2745 | D:3      | Reached skill level 1 in Poison Magic
  2745 | D:3      | Reached XP level 5. HP: 20/37 MP: 4/8
  2790 | D:3      | Noticed Natasha
  2801 | D:3      | Killed Natasha
  2854 | D:3      | Noticed Natasha
  3283 | D:3      | Reached XP level 6. HP: 43/43 MP: 8/10
  3451 | D:3      | Reached skill level 5 in Transmutations
  3864 | D:3      | Found a hazy altar of Hepliaklqana.
  3911 | D:3      | Killed Natasha
  4058 | D:3      | Reached skill level 5 in Unarmed Combat
  4421 | D:4      | Slain by an orc wizard

Vault maps used:
D:1:      sevenhm_arrival_forest_fort_small_4, minmay_cut_off
D:2:      nicolae_overflow_hidden_temple, eat_drink_and_be_merry_uskayaw,
          gammafunk_temple_overflow_claw, first_ration
D:3:      lemuel_doored_altar, serial_glass, glass_columns_b, glass_columns_b,
          glass_columns_a, glass_columns_b, glass_columns_c, kennysheep_nub,
          uniq_natasha
D:4:      minmay_misc_feat_doors, sigmund_army

Skill      XL: |  1  2  3  4  5  6 |
---------------+-------------------+-----
Transmutations | 3 4 5 |  5.5
Dodging        | 3 |  3.8
Unarmed Combat | 4 5 |  5.0
Poison Magic   | 1 2 |  2.4
Spellcasting   | 3 |  3.0
Fighting       | |  1.5

Action                   |  1- 3 |  4- 6 || total
-------------------------+-------+-------++-------
Melee: Unarmed           |    81 |   150 ||   231
       Headbutt          |     9 |    17 ||    26
       Punch             |       |     1 ||     1
 Cast: Beastly Appendage |    13 |    23 ||    36
       Spider Form       |     1 |     7 ||     8
  Use: Potion            |     1 |       ||     1
 Stab: Sleeping          |       |     1 ||     1
  Eat: Chunk             |     2 |     7 ||     9
       Ration            |       |     1 ||     1
Armor: Robe              |    11 |    11 ||    22
Dodge: Dodged            |    58 |   128 ||   186

Table legend:
 A = Spawn XP
 B = Non-spawn XP
 C = Spawn XP percentage of total XP
 D = Spawn monster count
 E = Non-spawn monster count
 F = Spawn count percentage of total count
 G = Total turns spent on level
                    A         B        C        D         E        F      G
               +---------+---------+-------+---------+---------+-------+---------
         Total |       0 |     545 |   0.0 |       0 |      66 |   0.0 |  4421
               +---------+---------+-------+---------+---------+-------+---------
           D:1 |       0 |      19 |   0.0 |       0 |      13 |   0.0 |  1083
           D:2 |       0 |      72 |   0.0 |       0 |      14 |   0.0 |  1540
           D:3 |       0 |     337 |   0.0 |       0 |      35 |   0.0 |  1467
           D:4 |       0 |     117 |   0.0 |       0 |       4 |   0.0 |   331
               +---------+---------+-------+---------+---------+-------+---------
